 Dungeon Crawl Stone Soup version 0.20.0-14-g326068f (webtiles) character file.

835 Azzok the Magician (level 7, -4/36 HPs)
             Began as a Deep Elf Fire Elementalist on June 8, 2017.
             Was an Initiate of Vehumet.
             Shot with an arrow by a centaur (9 damage)
             ... on level 5 of the Dungeon.
             The game lasted 00:10:57 (6116 turns).

Azzok the Magician (Deep Elf Fire Elementalist)     Turns: 6116, Time: 00:10:57

Health: -4/36      AC:  7    Str:  9    XL:     7   Next: 66%
Magic:  19/19      EV: 13    Int: 22    God:    Vehumet [......]
Gold:   253        SH:  0    Dex: 15    Spells: 7/20 levels left

rFire    . . .     SeeInvis .   p - +4 quarterstaff (chaos)
rCold    . . .     Gourm    .   (shield currently unavailable)
rNeg     . . .     Faith    .   A - +0 robe (curse)
rPois    .         Spirit   .   v - +0 helmet
rElec    .         Reflect  .   q - +0 cloak
rCorr    .         Harm     .   (no gloves)
MR       .....                  s - +2 pair of boots
Stlth    ++........             (no amulet)
Regen    0.2/turn               x - +4 ring of strength
MPRegen  0.2/turn               (no ring)

@: no status effects
A: no striking features
a: Renounce Religion


You were on level 5 of the Dungeon.
You worshipped Vehumet.
Vehumet was noncommittal.
You were not hungry.

You visited 1 branch of the dungeon, and saw 5 of its levels.

You collected 253 gold pieces.

Inventory:

Hand Weapons
 p - a +4 quarterstaff of chaos (weapon)
Armour
 q - a +0 cloak (worn)
 s - a +2 pair of boots (worn)
 v - a +0 helmet (worn)
 A - a cursed +0 robe (worn)
Jewellery
 x - a +4 ring of strength (left hand)
Wands
 t - a wand of digging (9/24)
Scrolls
 e - 4 scrolls of teleportation {unknown}
 f - 7 scrolls of identify {unknown}
 i - 2 scrolls of enchant armour {unknown}
 j - 2 scrolls of magic mapping {unknown}
 m - a scroll of remove curse {unknown}
 n - a scroll of amnesia {unknown}
 y - a scroll of fear {unknown}
 C - a scroll of acquirement {unknown}
Potions
 d - 2 potions of brilliance {unknown}
 k - a potion of agility {unknown}
 l - 2 potions of haste {unknown}
 o - a potion of magic {unknown}
 r - a potion of flight {unknown}
 u - a potion of invisibility {unknown}
 z - 3 potions of curing {unknown}
 B - a potion of berserk rage {unknown}
Books
 b - a book of Flames

   Spells                             Type                      Level
   a - Flame Tongue                   Conjuration/Fire             1
   b - Throw Flame                    Conjuration/Fire             2
   c - Conjure Flame                  Conjuration/Fire             3
   d - Inner Flame                    Hexes/Fire                   3
   e - Sticky Flame                   Conjuration/Fire             4
   f - Fireball                       Conjuration/Fire             5
Comestibles
 c - 3 bread rations
 g - 2 fruits
 h - 3 royal jellies
 w - a meat ration


   Skills:
 - Level 2.4 Dodging
 - Level 2.4 Stealth
 * Level 7.3 Spellcasting
 * Level 5.3 Conjurations
 * Level 6.3 Fire Magic


You had 7 spell levels left.
You knew the following spells:

 Your Spells              Type           Power        Failure   Level  Hunger
a - Flame Tongue          Conj/Fire      ####.        1%          1    None
b - Conjure Flame         Conj/Fire      ####....     2%          3    None
c - Sticky Flame          Conj/Fire      ####....     7%          4    ###....
d - Fireball              Conj/Fire      ####......   21%         5    #####..


Dungeon Overview and Level Annotations

Branches:
Dungeon (5/15)
 Temple: D:4-7

Altars:
Cheibriados
Dithmenos
Okawaru
Vehumet
Xom
Zin

Shops:
D:4 }


Message History

Vehumet accepts your kill.
Casting: Flame Tongue
Confirm with . or Enter, or press ? or * to list all spells.
You can't see any susceptible monsters within range! (Use Z to cast anyway.)
Casting: Flame Tongue
Confirm with . or Enter, or press ? or * to list all spells.
Okay, then.
Found 25 stones.
A centaur comes into view.
The centaur shouts!
The centaur wields a shortbow.
The centaur shoots an arrow.
The arrow hits you!
Found a metallic green potion.
You see here an arrow.
The centaur shoots an arrow.
The arrow hits you!
You see here an arrow.
The centaur shoots an arrow.
The arrow hits you!
* * * LOW HITPOINT WARNING * * *
You see here an arrow.
The centaur shoots an arrow.
The arrow hits you!
You die...

▒·····▒
▒··c··▒
▒·····▒ ▒
▒(···▒ ·▒ ▒
▒·(··▒ ·▒ ▒
▒····▒▒▒·▒▒▒▒▒
▒
▒···(·········
▒ ▒▒▒·······▒▒
▒ ▒···@···▒ ▒
▒·······▒ ▒
▒·······▒ ▒
▒▒▒▒▒'▒▒▒ ▒
▒▒▒▒▒▒▒▒▒ ▒·▒
▒▒▒▒·······▒
▒·▒
···········▒
▒·▒
········[··▒
▒·▒
···········▒
▒·▒


You could see a centaur.

Vanquished Creatures
  A centaur (D:5)
  A scorpion (D:4)
  A crimson imp (D:5)
  2 orc priests
  A centaur skeleton (D:4)
  A jelly (D:5)
  Crazy Yiuf (D:2)
  A bullfrog skeleton (D:4)
  3 orc wizards
  Terence (D:3)
  An iguana (D:4)
  3 worker ants
  A worker ant zombie (D:5)
  Robin (D:3)
  11 adders
  A shadow imp (D:5)
  An ooze (D:2)
  3 worms
  The ghost of dscm the Sneak, a weakling OpAs (D:3)
  3 dart slugs
  4 leopard geckos
  15 orcs
  A bat zombie (D:5)
  6 giant cockroaches
  15 goblins
  14 hobgoblins
  10 jackals
  3 quokkas
  11 bats
  6 frilled lizards
  7 kobolds
  A leopard gecko skeleton (D:4)
  10 rats
  2 fungi (D:2)
144 creatures vanquished.

Notes
Turn   | Place    | Note
-------+----------+-------------------------------------------
     0 | D:1      | Azzok the Deep Elf Fire Elementalist began the quest for the Orb.
     0 | D:1      | Reached XP level 1. HP: 10/10 MP: 6/6
    89 | D:1      | Reached XP level 2. HP: 15/15 MP: 1/8
   734 | D:1      | Reached XP level 3. HP: 19/19 MP: 6/10
   866 | D:1      | Learned a level 3 spell: Conjure Flame
  1236 | D:2      | Found a shadowy altar of Dithmenos.
  1265 | D:2      | Reached skill level 4 in Spellcasting
  1617 | D:2      | Found a runed door.
  1621 | D:2      | Noticed Crazy Yiuf
  1630 | D:2      | Killed Crazy Yiuf
  1630 | D:2      | Reached XP level 4. HP: 24/24 MP: 1/12
  2236 | D:3      | Noticed dscm's ghost (weakling OpAs)
  2518 | D:3      | Noticed Terence
  2529 | D:3      | Killed Terence
  2529 | D:3      | Reached XP level 5. HP: 21/28 MP: 9/14
  2646 | D:3      | Killed dscm's ghost
  2750 | D:3      | Noticed Robin
  2783 | D:3      | Killed Robin
  2783 | D:3      | Reached skill level 5 in Spellcasting
  3029 | D:3      | Found a faded altar of an unknown god.
  3159 | D:3      | Found an iron altar of Okawaru.
  3159 | D:3      | Found a glowing silver altar of Zin.
  3159 | D:3      | Found a snail-covered altar of Cheibriados.
  3175 | D:3      | Reached skill level 5 in Fire Magic
  3257 | D:3      | Found a shimmering altar of Xom.
  3416 | D:3      | Reached XP level 6. HP: 7/32 MP: 4/16
  3679 | D:3      | Learned a level 4 spell: Sticky Flame
  3685 | D:3      | Learned a level 5 spell: Fireball
  4632 | D:4      | Reached skill level 6 in Spellcasting
  4818 | D:4      | Found a radiant altar of Vehumet.
  4838 | D:4      | Became a worshipper of Vehumet
  5015 | D:4      | Found Rappuwo's Gadget Shop.
  5293 | D:5      | Entered Level 5 of the Dungeon
  5333 | D:5      | Reached XP level 7. HP: 36/36 MP: 14/18
  5488 | D:5      | Reached skill level 5 in Conjurations
  5650 | D:5      | Reached skill level 7 in Spellcasting
  6116 | D:5      | Shot with an arrow by a centaur

Skill      XL: |  1  2  3  4  5  6  7 |
---------------+----------------------+-----
Conjurations   | 2 3 4 5 |  5.3
Spellcasting   | 4 5 6 7 |  7.3
Fire Magic     | 4 5 6 |  6.3
Dodging        | |  2.4
Stealth        | |  2.4

Action                   |  1- 3 |  4- 6 |  7- 9 || total
-------------------------+-------+-------+-------++-------
Melee: Unarmed           |     5 |       |       ||     5
       Quarterstaff      |    23 |    57 |    22 ||   102
 Cast: Flame Tongue      |    77 |   125 |    38 ||   240
       Conjure Flame     |     1 |     1 |       ||     2
 Stab: Sleeping          |       |     2 |       ||     2
  Eat: Chunk             |     2 |     9 |     3 ||    14
       Fruit             |       |     2 |       ||     2
Armor: Robe              |     5 |    50 |    15 ||    70
Dodge: Dodged            |    32 |    67 |    28 ||   127
